 Dungeon Crawl Stone Soup version 0.25-a0-482-g9b3b753f3f (webtiles) character file.

Game seed: 10739307950482254996, levelgen mode: deterministic

97204 Venet the Geomancer (level 16, -6/100 HPs)
             Began as a Gargoyle Earth Elementalist on Feb 10, 2020.
             Was a High Priest of Vehumet.
             Mangled by a two-headed ogre
             ... wielding a +0 giant spiked club
              (8 damage)
             ... on level 15 of the Dungeon.
             The game lasted 01:14:37 (27579 turns).

Venet the Geomancer (Gargoyle Earth Elementalist)  Turns: 27579, Time: 01:14:43

Health: -6/100     AC: 28    Str: 12    XL:     16   Next: 19%
Magic:  27/31      EV: 17    Int: 23    God:    Vehumet [*****.]
Gold:   2037       SH:  0    Dex: 12    Spells: 13/37 levels left

rFire    . . .     SeeInvis +   C - +0 flail (venom)
rCold    + . .     Gourm    .   (no shield)
rNeg     + . .     Faith    .   u - +2 steam dragon scales
rPois    ∞         Spirit   .   Q - +0 helmet
rElec    +         Reflect  .   Z - +0 cloak
rCorr    .         Harm     .   o - +1 pair of gloves
MR       +....                  v - +2 pair of boots
Stlth    ++........             (no amulet)
HPRegen  0.00/turn              t - ring of see invisible
MPRegen  0.22/turn              X - +5 ring of slaying

@: flying, slowed, very slow
A: big wings, agile 1, cold resistance 1, negative energy resistance 1,
electricity resistance, inhibited regeneration, unbreathing, petrification
resistance, rot immunity, AC +12
a: Stop Flying, Renounce Religion


You were on level 15 of the Dungeon.
You worshipped Vehumet.
Vehumet was extremely pleased with you.
You were not hungry.

You visited 4 branches of the dungeon, and saw 24 of its levels.

You collected 2514 gold pieces.
You spent 477 gold pieces at shops.

Inventory:

Hand Weapons
 C - a +0 flail of venom (weapon)
 K - a +0 morningstar
Missiles
 b - 383 stones (quivered)
 k - 3 throwing nets
Armour
 e - the +2 shield of Resistance {rF+ rC+ MR+}
   (You found it on level 6 of the Lair of Beasts)

   It protects you from fire.
   It protects you from cold.
   It affects your resistance to hostile enchantments.
 g - a +2 robe of the Archmagi
 h - a +1 robe of cold resistance
 o - a +1 pair of gloves (worn)
 u - +2 steam dragon scales (worn)
 v - a +2 pair of boots (worn)
 Q - a +0 helmet (worn)
 Z - a +0 cloak (worn)
Jewellery
 t - a ring of see invisible (left hand)
 A - an uncursed ring of protection from fire
 F - an uncursed ring of protection from cold
 X - a +5 ring of slaying (right hand)
Wands
 a - a wand of digging (1)
 s - a wand of disintegration (8)
 J - a wand of clouds (1)
 M - a wand of acid (2)
 P - a wand of iceblast (3)
 R - a wand of polymorph (16)
Scrolls
 j - 2 scrolls of enchant weapon
 l - 6 scrolls of remove curse
 r - 6 scrolls of blinking
 w - 2 scrolls of teleportation
 x - a scroll of immolation
 y - 3 scrolls of magic mapping
 D - 6 scrolls of fear
 E - 4 scrolls of identify
 L - 2 scrolls of amnesia
 O - 2 scrolls of fog
 W - a scroll of brand weapon
Potions
 c - 3 potions of haste
 i - 4 potions of agility
 m - 5 potions of heal wounds
 n - 3 potions of lignification
 z - 2 potions of brilliance
 B - 5 potions of curing
 H - 2 potions of magic
 N - a potion of might
 U - a potion of resistance
Miscellaneous
 T - a lamp of fire
 Y - a lightning rod (1/4)
Comestibles
 d - 45 rations
 f - 9 chunks of flesh


   Skills:
 + Level 11.6 Fighting
 + Level 10.6 Maces & Flails
 - Level 6.0 Armour
 + Level 9.1 Dodging
 - Level 2.3 Stealth
 + Level 11.2 Spellcasting
 + Level 12.6 Conjurations
 - Level 0.7 Transmutations
 + Level 14.2 Earth Magic
 - Level 6.0 Evocations


You had 13 spell levels left.
You knew the following spells:

 Your Spells              Type           Power        Failure   Level  Hunger
a - Sandblast             Erth           ######       0%          1    None
b - Stone Arrow           Conj/Erth      ######       1%          3    None
c - Lee's Rapid Deconstr  Erth           ######....   1%          5    ####...
d - Mephitic Cloud        Conj/Pois/Air  ####....     1%          3    None
e - Irradiate             Conj/Tmut      #####.....   2%          5    ####...
f - Orb of Destruction    Conj           ######....   7%          7    #######

Your spell library contained the following spells:

 Spells                   Type           Power        Failure   Level  Hunger
 Freezing Cloud           Conj/Ice/Air   ####......   32%         6    #####..
 Passwall                 Tmut/Erth      #####...     1%          2    None
 Petrify                  Tmut/Erth      #####...     2%          4    None
 Iskenderun's Battlesphe  Conj/Chrm      #####...     3%          5    ####...
 Animate Skeleton         Necr           N/A          4%          1    None
 Pain                     Necr           ##..         4%          1    None
 Summon Small Mammal      Summ           ##..         4%          1    None
 Call Imp                 Summ           ##......     8%          2    None
 Call Canine Familiar     Summ           ##......     16%         3    None
 Ozocubu's Armour         Chrm/Ice       ##......     16%         3    None
 Summon Guardian Golem    Hex/Summ       ##......     16%         3    None
 Vampiric Draining        Necr           ##........   16%         3    None
 Animate Dead             Necr           N/A          45%         4    None
 Summon Ice Beast         Ice/Summ       ##......     45%         4    None
 Summon Lightning Spire   Summ/Air       ##......     45%         4    None
 Agony                    Necr           ##......     80%         5    ####...
 Deflect Missiles         Chrm/Air       ##........   100%        6    #####..
 Eringya's Noxious Bog    Tmut/Pois      ##........   100%        6    #####..


Dungeon Overview and Level Annotations

Branches:
Dungeon (15/15)            Temple (1/1) D:6            Lair (6/6) D:8
 Shoals (0/4) Lair:2       Spider (0/4) Lair:2        Slime (0/5) Lair:6
    Orc (2/2) D:9             Elf (0/3) Orc:2        Vaults (0/5) D:13
 Depths: D:15

Altars:
Cheibriados
Elyvilon
Fedhas
Hepliaklqana
Kikubaaqudgha
Makhleb
Nemelex Xobeh
Okawaru
Ru
Sif Muna
Vehumet
Wu Jian
Zin
The Shining One

Shops:
D:8 ?   D:9 :   Orc:2 (([*

Annotations:
Orc:2 1 runed translucent door, confidenceinterval's ghost, journeyman HOMo


Innate Abilities, Weirdness & Mutations

You are resistant to torment.
Your stone body is resilient. (AC +12)
You are immune to poison.
Your large and strong wings let you fly indefinitely.
You resist negative energy. (rN+)
You are resistant to electric shocks. (rElec)
You can survive without breathing.
You are immune to petrification.
You are immune to rotting.
You are agile. (Dex +2)
Your flesh is cold resistant. (rC+)
You do not regenerate when monsters are visible.


Message History

The ogre mage hits you from afar with a +0 spear.
* * * LOW HITPOINT WARNING * * *
The two-headed ogre hits you with a +0 giant club.
* * * LOW HITPOINT WARNING * * *
The two-headed ogre hits you but does no damage.
The ogre mage hits you but does no damage.
The two-headed ogre hits you with a +0 giant spiked club!
* * * LOW HITPOINT WARNING * * *
The two-headed ogre hits you with a +0 giant spiked club.
* * * LOW HITPOINT WARNING * * *
You can move again.
Unknown command.
The ogre mage hits you with a +0 spear.
* * * LOW HITPOINT WARNING * * *
The two-headed ogre completely misses you.
The two-headed ogre misses you. The ogre mage hits you with a +0 spear.
* * * LOW HITPOINT WARNING * * *
The two-headed ogre barely misses you.
The two-headed ogre hits you with a +0 giant spiked club!
You die...

..#### ...# ...... ....######
......##....!...## #####
...................#....
.§..............§..§.....
.≈≈≈§≈≈...........≈§..#....
§§§§§≈≈............§§..#...#
...§≈≈.....≈O...........#....
...........≈@≈...............
.........OO.O............#..
#.............####......#..
###......^...........##...#..
#.........#..........##...#..
#.........#..................
#......÷..#÷....#######...#..
#########.#.....# ##...#.§
#.#.....# #...##.≈


You could see 2 two-headed ogres, an ogre mage and an ogre.

Vanquished Creatures
  Rupert (D:15)
  Kirke (Lair:5)
  Donald (Orc:2)
  An orc warlord (Orc:2)
  An ogre mage (D:13)
  Erolcha (D:9)
  The ghost of Laewniona the Geomancer, a journeyman GrEE of Vehumet (D:12)
  Harold (D:8)
  5 hydras
  A catoblepas (Lair:6)
  A centaur warrior (D:15)
  11 two-headed ogres
  2 dancing weapons (D:13)
  Erica (D:9)
  A deep troll shaman (Lair:6)
  2 tengu warriors
  Urug (Orc:2)
  7 death yaks (Lair:6)
  2 orc high priests (Orc:2)
  Nergalle (Lair:4)
  Sonja (D:11)
  4 unseen horrors
  A wizard (D:14)
  A lindwurm (Lair:6)
  5 orc knights
  8 ugly things
  2 deep elf magi (D:13)
  3 oklob plants (Lair:4)
  5 orc sorcerers (Orc:2)
  3 manticores
  3 cyclopes
  A centaur zombie (D:14)
  5 black mambas
  16 elephants
  2 torpor snails
  2 centaur skeletons
  11 spiny frogs
  An efreet (D:15)
  A redback zombie (D:13)
  2 rime drakes
  A tengu conjurer (D:15)
  2 komodo dragons
  A polar bear (Lair:5)
  2 queen bees
  6 trolls
  A harpy skeleton (D:15)
  4 hornets
  11 blink frogs
  7 slime creatures
  14 hippogriffs
  A shadow (D:14)
  A wyvern (shapeshifter) (D:13)
  A wraith (D:12)
  48 yaks
  Grum (D:10)
  2 spriggans (D:12)
  A hog (Lair:5)
  A basilisk (Lair:3)
  5 wyverns
  3 steam dragons (D:6)
  2 hungry ghosts (D:11)
  2 vampire mosquitoes (D:12)
  4 wargs
  12 water moccasins
  2 acid dragons
  8 porcupines
  34 orc warriors
  5 sky beasts
  2 swamp drakes
  5 black bears
  7 ice beasts
  2 phantoms
  9 ogres
  6 boggarts
  2 necrophages
  13 wolves
  21 centaurs
  16 crocodiles
  2 big kobolds
  11 bullfrogs
  A wyvern zombie (D:10)
  A gnoll sergeant (D:9)
  A wyvern skeleton (D:13)
  5 scorpions
  40 killer bees
  2 electric eels (Lair:5)
  4 howler monkeys
  13 wights
  2 crimson imps
  2 quasits
  3 bullfrog skeletons
  4 hounds
  A jelly (D:6)
  15 orc priests
  13 orc wizards
  14 hell rats
  3 iguanas
  16 worker ants
  A hound zombie (D:2)
  2 worker ant zombies (D:11)
  3 gnolls (D:9)
  6 river rats (Lair:1)
  12 adders
  2 shadow imps
  2 oozes
  2 adder skeletons
  6 worms
  4 dart slugs
  7 leopard geckos
  83 orcs
  6 bats
  3 giant cockroaches
  9 goblins
  9 hobgoblins
  8 jackals
  11 kobolds
  6 quokkas
  A ball python (D:3)
  5 frilled lizards
  A jackal skeleton (D:7)
  2 leopard gecko skeletons
  14 rats
  A fungus (Orc:2)
  A plant (Lair:2)
745 creatures vanquished.

Vanquished Creatures (others)
  2 humans (Lair:5)
  A wyvern skeleton (D:11)
  A shadow imp (D:6)
  2 orcs (D:6)
  13 fungi
  9 plants
28 creatures vanquished.

Grand Total: 773 creatures vanquished

Notes
Turn   | Place    | Note
-------+----------+-------------------------------------------
     0 | D:1      | Venet the Gargoyle Earth Elementalist began the quest for
                  | the Orb.
     0 | D:1      | Reached XP level 1. HP: 10/10 MP: 3/3
   117 | D:1      | Reached skill level 4 in Earth Magic
   117 | D:1      | Reached XP level 2. HP: 14/15 MP: 3/5
   723 | D:1      | Reached XP level 3. HP: 15/19 MP: 6/6
   728 | D:1      | Learned a level 3 spell: Stone Arrow
  1329 | D:2      | Reached skill level 1 in Conjurations
  1338 | D:2      | Reached XP level 4. HP: 14/24 MP: 2/8
  2334 | D:3      | Reached skill level 5 in Earth Magic
  2605 | D:3      | Reached XP level 5. HP: 26/28 MP: 6/9
  3020 | D:3      | Learned a level 5 spell: Lee's Rapid Deconstruction
  3240 | D:4      | Reached XP level 6. HP: 26/32 MP: 11/11
  4209 | D:5      | Entered Level 5 of the Dungeon
  5056 | D:5      | Noticed a phantom
  5063 | D:5      | Killed a phantom
  5063 | D:5      | Reached skill level 6 in Earth Magic
  5063 | D:5      | Reached XP level 7. HP: 36/36 MP: 7/13
  5205 | D:6      | Got a faintly humming robe
  5216 | D:6      | Identified the +0 robe of Edghef {rElec rN++ Str+4 Dex-5}
                  | (You found it on level 6 of the Dungeon)
  5270 | D:6      | Noticed a steam dragon
  5272 | D:6      | Noticed a steam dragon
  5280 | D:6      | HP: 1/36 [steam dragon (5)]
  5292 | D:6      | Noticed a steam dragon
  5297 | D:6      | Killed a steam dragon
  5297 | D:6      | Killed a steam dragon
  5297 | D:6      | Reached skill level 7 in Earth Magic
  5304 | D:6      | Reached skill level 5 in Spellcasting
  5304 | D:6      | Reached skill level 5 in Conjurations
  5304 | D:6      | Reached XP level 8. HP: 26/41 MP: 1/15
  5325 | D:6      | Found a white marble altar of Elyvilon.
  5832 | D:6      | Gained mutation: Your flesh is cold resistant. (rC+)
                  | [potion of mutation]
  5832 | D:6      | Gained mutation: You are agile. (Dex +2) [potion of
                  | mutation]
  5882 | D:6      | Found a staircase to the Ecumenical Temple.
  5901 | Temple   | Entered the Ecumenical Temple
  5975 | Temple   | Became a worshipper of Vehumet
  6086 | D:6      | Reached skill level 1 in Armour
  6086 | D:6      | Reached skill level 1 in Evocations
  6086 | D:6      | Reached skill level 1 in Fighting
  6088 | D:6      | Reached skill level 1 in Maces & Flails
  6273 | D:6      | Found a blossoming altar of Fedhas.
  6273 | D:6      | Found a hazy altar of Hepliaklqana.
  6380 | D:7      | Reached skill level 8 in Earth Magic
  6381 | D:7      | Reached XP level 9. HP: 26/48 MP: 1/17
  6765 | D:7      | Reached * piety under Vehumet
  6765 | D:7      | Offered knowledge of Shock by Vehumet.
  6782 | D:7      | Found a sacrificial altar of Ru.
  7117 | D:8      | Noticed a two-headed ogre
  7122 | D:8      | Killed a two-headed ogre
  7491 | D:8      | Found a staircase to the Lair.
  7509 | D:8      | Reached XP level 10. HP: 55/56 MP: 14/19
  7827 | D:8      | Reached skill level 9 in Earth Magic
  8002 | D:8      | Noticed Harold
  8018 | D:8      | Killed Harold
  8346 | D:8      | Found Nesmasem's Magic Scroll Shop.
  8358 | D:8      | Bought a scroll of identify for 30 gold pieces
  8358 | D:8      | Bought a scroll of identify for 30 gold pieces
  8358 | D:8      | Bought a scroll of identify for 30 gold pieces
  8358 | D:8      | Bought a scroll of identify for 30 gold pieces
  8358 | D:8      | Bought a scroll of blinking for 112 gold pieces
  8358 | D:8      | Bought a scroll of blinking for 112 gold pieces
  8358 | D:8      | Bought a scroll of teleportation for 45 gold pieces
  8576 | D:9      | Found Ebliq's Book Shoppe.
  8622 | D:9      | Offered knowledge of Magic Dart by Vehumet.
  8625 | D:9      | Reached ** piety under Vehumet
  8744 | D:9      | Noticed Erica
  8750 | D:9      | Killed Erica
  8750 | D:9      | Reached skill level 5 in Armour
  8750 | D:9      | Reached XP level 11. HP: 59/62 MP: 11/21
  8755 | D:9      | Reached skill level 5 in Fighting
  8911 | D:9      | Noticed Erolcha
  9001 | D:9      | Killed Erolcha
  9390 | D:9      | Offered knowledge of Static Discharge by Vehumet.
  9428 | D:9      | Reached *** piety under Vehumet
  9428 | D:9      | Reached skill level 5 in Maces & Flails
  9531 | D:9      | Found a staircase to the Orcish Mines.
  9785 | D:9      | Offered knowledge of Mephitic Cloud by Vehumet.
  9787 | D:9      | Reached skill level 10 in Earth Magic
  9800 | D:9      | Learned a level 3 spell: Mephitic Cloud
  9917 | D:9      | Noticed an unseen horror
 10003 | D:9      | Killed an unseen horror
 10172 | D:10     | Entered Level 10 of the Dungeon
 10203 | D:10     | Reached skill level 5 in Evocations
 10280 | D:10     | Reached skill level 5 in Dodging
 10449 | D:10     | Noticed Grum
 10454 | D:10     | Reached **** piety under Vehumet
 10458 | D:10     | Killed Grum
 10515 | D:10     | Offered knowledge of Hailstorm by Vehumet.
 10515 | D:10     | Reached XP level 12. HP: 70/70 MP: 21/23
 11397 | D:11     | Noticed Sonja
 11511 | D:11     | Killed Sonja
 12091 | D:11     | Noticed a two-headed ogre
 12096 | D:11     | Killed a two-headed ogre
 12415 | D:12     | Reached skill level 11 in Earth Magic
 12420 | D:12     | Reached ***** piety under Vehumet
 12525 | D:12     | Offered knowledge of Yara's Violent Unravelling by Vehumet.
 12720 | D:12     | Noticed a two-headed ogre
 12724 | D:12     | Killed a two-headed ogre
 12724 | D:12     | Reached XP level 13. HP: 53/78 MP: 14/25
 13397 | D:12     | Found a runed translucent door.
 13398 | D:12     | Identified the cursed +1 trident of the Curious Nights
                  | {speed, Str+3}
 13400 | D:12     | Noticed Laewniona's ghost (journeyman GrEE)
 13444 | D:12     | Killed Laewniona's ghost
 13884 | D:13     | Noticed an ogre mage
 13895 | D:13     | Reached skill level 10 in Conjurations
 13900 | D:13     | Killed an ogre mage
 14279 | D:13     | Found a gate to the Vaults.
 14684 | D:13     | Reached skill level 12 in Earth Magic
 16209 | D:14     | Offered knowledge of Conjure Ball Lightning by Vehumet.
 16209 | D:14     | Gained mutation: Your large and strong wings let you fly
                  | indefinitely. [Gargoyle growth]
 16209 | D:14     | Reached XP level 14. HP: 85/86 MP: 25/27
 16840 | Lair:1   | Entered Level 1 of the Lair of Beasts
 18005 | Lair:2   | Found a hole to the Spider Nest.
 18738 | Lair:2   | Found a staircase to the Shoals.
 19680 | Lair:3   | Reached skill level 10 in Spellcasting
 20355 | Lair:3   | Offered knowledge of Irradiate by Vehumet.
 20362 | Lair:3   | Learned a level 5 spell: Irradiate
 20639 | Lair:4   | Reached skill level 10 in Fighting
 20744 | Lair:4   | Reached skill level 13 in Earth Magic
 20961 | Lair:4   | Noticed Nergalle
 21009 | Lair:4   | Killed Nergalle
 21845 | Lair:5   | Noticed Kirke
 21850 | Lair:5   | Killed Kirke
 21857 | Lair:5   | Reached XP level 15. HP: 82/92 MP: 18/29
 22320 | Lair:5   | Found a shimmering blue altar of Sif Muna.
 22634 | Lair:6   | Entered Level 6 of the Lair of Beasts
 22651 | Lair:6   | Offered knowledge of Orb of Destruction by Vehumet.
 23193 | Lair:6   | Found a staircase to the Slime Pits.
 23689 | Lair:6   | Learned a level 7 spell: Orb of Destruction
 23811 | Lair:6   | Found the +2 shield of Resistance {rF+ rC+ MR+}
 23824 | Lair:6   | Identified the Guide on Lucky Shape Shifting
 24332 | Orc:1    | Entered Level 1 of the Orcish Mines
 24632 | Orc:1    | Reached skill level 10 in Maces & Flails
 24853 | Orc:2    | Entered Level 2 of the Orcish Mines
 24856 | Orc:2    | Found Lor Iph's Antique Weapon Shoppe.
 24874 | Orc:2    | Paralysed by an orc sorcerer for 2 turns
 25687 | Orc:2    | Found Ruxzeh's Antique Weapon Emporium.
 25687 | Orc:2    | Noticed an orc warlord
 25699 | Orc:2    | Paralysed by an orc sorcerer for 7 turns
 25708 | Orc:2    | Killed an orc warlord
 26011 | Orc:2    | Noticed Urug
 26031 | Orc:2    | Killed Urug
 26033 | Orc:2    | Offered knowledge of Freezing Cloud by Vehumet.
 26071 | Orc:1    | Gained mutation: You do not regenerate when monsters are
                  | visible. [mutagenic glow]
 26230 | Orc:2    | Found a runed translucent door.
 26236 | Orc:2    | Noticed confidenceinterval's ghost (journeyman HOMo)
 26242 | Orc:2    | Reached skill level 14 in Earth Magic
 26269 | Orc:2    | Found a staircase to the Elven Halls.
 26274 | Orc:2    | Found Qenivecso's General Store.
 26297 | Orc:2    | Bought a potion of magic for 88 gold pieces
 26357 | Orc:2    | Found Paph's Antique Armour Boutique.
 26466 | Orc:2    | Noticed Donald
 26475 | Orc:2    | Killed Donald
 26522 | Orc:2    | Found Rich's Jewellery Shop.
 26826 | D:15     | Entered Level 15 of the Dungeon
 26924 | D:15     | Reached XP level 16. HP: 94/100 MP: 31/31
 26947 | D:15     | Noticed Rupert
 26957 | D:15     | Killed Rupert
 27573 | D:15     | Paralysed by an ogre mage for 6 turns
 27579 | D:15     | HP: 4/100 [ogre mage/+0 spear (4)]
 27579 | D:15     | Mangled by a two-headed ogre

Levels and vault maps discovered:
D:1:      shiori_arrival_oz, layout_loops_corners
D:2:      layout_loops_cross
D:3:      layout_basic
D:4:      layout_basic, first_ration
D:5:      layout_loops_corners, minmay_small_thing
D:6:      cheibrodos_steamvent, layout_loops_cross, kennysheep_mini,
          gammafunk_temple_overflow_elements, temple_fountains
D:7:      layout_rooms, nicolae_ru_path_of_blood
D:8:      layout_basic, erik_lair_dragon, serial_shops, shop, uniq_harold
D:9:      layout_basic, erik_orc_1, serial_shops, shop, david_nohive_1,
          uniq_erolcha, uniq_erica
D:10:     layout_roguey, minivault_7, uniq_grum
D:11:     layout_irregular_city, st_stairs_6, lemuel_old_faithful, uniq_sonja
D:12:     layout_loops_corners, ebering_ghost_funeral_grove
D:13:     layout_basic, erik_vaults_1, serial_co_window_serial,
          co_window_paths_a, co_window_paths_a, co_window_paths_b,
          co_window_corner_a, co_window_corner_a, co_window_corner_a,
          co_window_corner_a, co_window_2corner, co_window_paths_c,
          co_window_of_opportunity_b, co_window_corner_b,
          co_window_unsneaky_path_d, co_window_paths_c, glass_columns_c,
          glass_columns_a, glass_columns_a
D:14:     layout_rooms, ebering_dispersal_statue_hall, kb_rosetta
D:15:     gammafunk_enter_depths_forms, layout_basic, grunt_dithmenos_shadows,
          minmay_variable_closet, uniq_rupert, uniq_nessos
Temple:   dpeg_five_rooms_temple
Lair:1:   layout_small_grid, special_room, kennysheep_rathole
Lair:2:   layout_layer_cave, minmay_shoals_entry_beasts,
          nicolae_spider_entry_non_spiders
Lair:3:   layout_loops_ring, grunt_megastairs_3, lemuel_fruit_tree,
          infiniplex_staircase_pool
Lair:4:   layout_misc_corridors, infiniplex_staircase_pool_2,
          grunt_megastairs_1, minmay_lair_oklob_chamber, uniq_nergalle
Lair:5:   layout_roguey, basic_altar, nicolae_quartered_pool_medium,
          serial_bayou_lagoon_b, uniq_kirke
Lair:6:   grunt_lair_end_beastmaster, layout_hall_layers, slime_dummy,
          small_statue_intersection, serial_bayou_shore_b
Orc:1:    layout_caves, rock_pile
Orc:2:    grunt_orc_gardens, layout_caves, grunt_orc_garden, grunt_orc_garden,
          grunt_orc_garden, grunt_orc_garden, serial_shops,
          nicolae_shop_statue_plus, ebering_ghost_reflecting_pool, uniq_donald,
          uniq_urug

Skill      XL: |  1  2  3  4  5  6  7  8  9 10 11 12 13 14 15 |
---------------+----------------------------------------------+-----
Earth Magic    | 4 5 6 7 8 9 10 11 12 13 14 | 14.2
Conjurations   | 1 2 3 5 6 7 8 9 10 11 12 | 12.6
Spellcasting   | 3 4 5 6 7 8 9 10 11 | 11.2
Dodging        | 2 3 4 5 6 7 8 9 |  9.1
Armour         | 1 3 5 6 |  6.0
Evocations     | 1 3 4 5 6 |  6.0
Fighting       | 1 3 4 6 7 9 10 11 | 11.6
Maces & Flails | 1 3 4 5 6 8 9 10 | 10.6
Stealth        | |  2.3
Transmutations | |  0.7

Action                   |  1- 3 |  4- 6 |  7- 9 | 10-12 | 13-15 | 16-18 || total
-------------------------+-------+-------+-------+-------+-------+-------++-------
Melee: Club              |    41 |       |       |       |       |       ||    41
       Short sword       |    43 |   120 |       |       |       |       ||   163
       Rapier            |       |   102 |   136 |    25 |       |       ||   263
       Flail             |       |       |       |   659 |  1016 |    31 ||  1706
Throw: Boomerang         |       |       |     1 |       |       |       ||     1
 Cast: Sandblast         |    19 |    35 |    68 |   163 |   235 |    25 ||   545
       Stone Arrow       |       |     1 |     3 |    16 |    57 |       ||    77
       Lee's Rapid Decon |       |       |    10 |    29 |    59 |       ||    98
       Irradiate         |       |       |       |       |    35 |       ||    35
       Orb of Destructio |       |       |       |       |     9 |     5 ||    14
       Mephitic Cloud    |       |       |       |       |     3 |     1 ||     4
 Abil: Fly               |       |       |       |       |     1 |       ||     1
Evoke: Wand              |       |       |     5 |    10 |     7 |     2 ||    24
       Lightning rod     |       |       |       |       |    10 |     2 ||    12
       Lamp of fire      |       |       |       |       |     2 |       ||     2
  Use: Scroll            |     7 |     7 |     6 |     7 |    13 |       ||    40
       Potion            |       |       |     8 |     1 |    10 |       ||    19
 Stab: Sleeping          |     7 |    10 |     1 |     3 |     6 |       ||    27
       Distracted        |       |     1 |       |     1 |     1 |       ||     3
       Invisible         |       |       |     1 |       |       |       ||     1
       Confused          |       |       |       |       |     4 |     3 ||     7
  Eat: Chunk             |     2 |     9 |    10 |    19 |    53 |     4 ||    97
       Ration            |       |     1 |       |     2 |     4 |       ||     7
Armor: Robe              |    24 |    82 |    10 |       |       |       ||   116
       Skin              |       |       |    13 |       |       |       ||    13
       Steam dragon scal |       |       |   106 |   370 |   639 |    52 ||  1167
Dodge: Dodged            |    57 |   163 |   169 |   830 |  1104 |    77 ||  2400

Table legend:
 A = Non-vault XP
 B = Vault XP
 C = Vault XP percentage of total XP
 D = Non-vault monster count
 E = Vault monster count
 F = Vault count percentage of total count
                 A         B        C        D         E       F
            +---------+---------+-------+---------+---------+-------
      Total |   94865 |   43999 |  31.7 |     582 |     161 |  21.7
            +---------+---------+-------+---------+---------+-------
        D:1 |      41 |       4 |   8.9 |      22 |       2 |   8.3
        D:2 |     104 |       0 |   0.0 |      24 |       0 |   0.0
        D:3 |      75 |       0 |   0.0 |      24 |       0 |   0.0
        D:4 |     256 |       0 |   0.0 |      13 |       0 |   0.0
        D:5 |     191 |       2 |   1.0 |       3 |       1 |  25.0
        D:6 |     895 |     461 |  34.0 |      24 |       3 |  11.1
        D:7 |    1105 |       0 |   0.0 |      20 |       0 |   0.0
        D:8 |    2368 |    1907 |  44.6 |      15 |       7 |  31.8
        D:9 |    5500 |    3619 |  39.7 |      49 |      33 |  40.2
       D:10 |    1494 |    1781 |  54.4 |      15 |      21 |  58.3
       D:11 |    5955 |     861 |  12.6 |      37 |       2 |   5.1
       D:12 |    7922 |    2447 |  23.6 |      46 |       6 |  11.5
       D:13 |   10652 |    1808 |  14.5 |      42 |       2 |   4.5
       D:14 |    9048 |    2014 |  18.2 |      30 |       4 |  11.8
       D:15 |    8508 |    2971 |  25.9 |      20 |       1 |   4.8
     Lair:1 |    1782 |     150 |   7.8 |      11 |       9 |  45.0
     Lair:2 |    3524 |    1232 |  25.9 |      11 |      10 |  47.6
     Lair:3 |    7032 |     269 |   3.7 |      32 |       2 |   5.9
     Lair:4 |    6680 |    3455 |  34.1 |      19 |       8 |  29.6
     Lair:5 |    4918 |    2168 |  30.6 |      21 |       2 |   8.7
     Lair:6 |    8829 |    6887 |  43.8 |      29 |      15 |  34.1
      Orc:1 |    3742 |      12 |   0.3 |      32 |       4 |  11.1
      Orc:2 |    4244 |   11951 |  73.8 |      43 |      29 |  40.3
            +---------+---------+-------+---------+---------+-------
